 Dungeon Crawl Stone Soup version 0.22-a0-351-g29664b4 (webtiles) character file.

8866 Gorglomux the Fighter (level 11, -5/102 HPs)
             Began as a Minotaur Abyssal Knight on Apr 12, 2018.
             Was an Elder of Lugonu.
             Slain by a gargoyle
             ... wielding a +4 mace
              (13 damage)
             ... in a volcano.
             The game lasted 00:16:16 (11582 turns).

Gorglomux the Fighter (Minotaur Abyssal Knight)    Turns: 11582, Time: 00:16:16

Health: -5/102     AC: 18    Str: 21    XL:     11   Next: 15%
Magic:  15/15      EV:  7    Int:  9    God:    Lugonu [****..]
Gold:   637        SH:  0    Dex:  9    Spells: 10/10 levels left

rFire    + . .     SeeInvis +   U - +0 war axe
rCold    . . .     Gourm    .   (no shield)
rNeg     . . .     Faith    .   j - +0 plate armour
rPois    .         Spirit   .   (helmet restricted)
rElec    .         Reflect  .   (no cloak)
rCorr    .         Harm     .   p - +0 pair of gloves
MR       .....                  t - +0 pair of boots
Stlth    ..........             (no amulet)
HPRegen  0.27/turn              s - ring of see invisible
MPRegen  0.14/turn              f - ring of protection from fire

@: no status effects
A: retaliatory headbutt, horns 2
a: Depart the Abyss, Bend Space, Banish, Corrupt, Renounce Religion


You were in a volcano.
You worshipped Lugonu.
Lugonu was greatly pleased with you.
You were hungry.

You visited 2 branches of the dungeon, and saw 12 of its levels.
You visited the Abyss 1 time.
You also visited: Ossuary and Volcano.

You collected 637 gold pieces.

Inventory:

Hand Weapons
 U - a +0 war axe (weapon)
Missiles
 Z - 2 throwing nets (quivered)
Armour
 j - a +0 plate armour (worn)
 p - a +0 pair of gloves (worn)
 t - a +0 pair of boots (worn)
Jewellery
 f - a ring of protection from fire (right hand)
 s - a ring of see invisible (left hand)
Wands
 D - a wand of digging (12)
 E - a wand of enslavement (12)
 O - a wand of clouds (6)
Scrolls
 g - a scroll of magic mapping {unknown}
 x - 2 scrolls of fear {unknown}
 y - 4 scrolls of remove curse
 z - 2 scrolls of fog {unknown}
 B - a scroll of blinking
 H - 2 scrolls of brand weapon {unknown}
 N - 4 scrolls of teleportation {unknown}
 R - 4 scrolls of identify
 S - a scroll of immolation {unknown}
 T - a scroll of amnesia {unknown}
 V - a scroll of holy word {unknown}
 W - a scroll of enchant armour {unknown}
Potions
 d - 2 potions of ambrosia
 e - 3 potions of haste
 k - 2 potions of resistance
 m - a potion of berserk rage
 n - 3 potions of might
 q - 2 potions of heal wounds
 u - 2 potions of agility
 F - 2 potions of brilliance
 G - a potion of magic
 P - a potion of flight {unknown}
 Q - 2 potions of curing
 X - a potion of invisibility
 Y - 2 potions of mutation
Comestibles
 c - 20 rations


   Skills:
 - Level 11.3 Fighting
 - Level 11.0 Axes
 - Level 11.0 Armour
 - Level 1.2 Dodging
 + Level 7.9 Invocations


You had 10 spell levels left.
You didn't know any spells.

Dungeon Overview and Level Annotations

Branches:
Dungeon (11/15)            Temple (0/1) D:4            Lair (1/6) D:8
    Orc (0/2) D:9

Altars:
Ashenzari
Gozag
Hepliaklqana
Kikubaaqudgha
Makhleb
Okawaru
Qazlal
Sif Muna
Trog
Wu Jian
Yredelemnul
The Shining One

Annotations:
D:7 1 runed door


Innate Abilities, Weirdness & Mutations

You reflexively headbutt those who attack you in melee.
You have a pair of horns on your head.


Message History

You open the gargoyle but do no damage!
The gargoyle is severely damaged!
The gargoyle hurls a stone arrow at you!
The stone arrow hits you!!!
You are too injured to fight recklessly!!!
You barely miss the gargoyle!
The gargoyle butts severely damaged!
The gargoyle hurls a butt arrow at you!
The stone arrow hits you!!! * * * don't die
* * * You open the gargoyle but do no damage!
The gargoyle butts severely damaged!
The gargoyle hurls a stone arrow at butt!
The stone arrow hits you!!! * * * don't die
* * *
Press: ? - help, Shift-Dir - straight line, f - gargoyle
Aim: a gargoyle, wielding an enchanted mace (butt-ly damaged, chance to defeat MR: 72%)
You fail to butt your ability!
The gargoyle hits you with an enchanted mace!!! rip

..#### #....## ......###
........### #
..........### .##
≈≈..........#### ...
≈≈§§≈..........## ..
§≈≈§§≈≈≈.§....≈.###.#..#.
≈§≈§§≈≈≈≈≈≈.....@9Z......
≈≈≈≈≈§≈≈≈.....≈.###.#..#.
≈≈≈§§§≈§§≈.....## ..
§§§§§§≈≈§≈≈§.### ...
§§§§§≈≈≈§≈≈§## #.#
≈§§§§§§# # ≈§≈§§≈# ##


You could see a gargoyle and a naga skeleton.

Vanquished Creatures
  A black mamba (Lair:1)
  Joseph (D:7)
  Prince Ribbit (D:7)
  A hippogriff (D:9)
  A meliai zombie (D:10)
  2 flying skulls (Volcano)
  A spriggan (D:7)
  6 yaks
  2 basilisks (D:8)
  2 hungry ghosts
  2 water moccasins
  3 porcupines (D:8)
  4 orc warriors
  3 ice beasts
  3 sky beasts
  A black bear (D:6)
  2 necrophages (D:9)
  4 ogres
  A phantom (D:6)
  3 centaurs
  3 crocodiles
  4 bullfrogs
  2 scorpions
  A spriggan skeleton (Volcano)
  A wight (D:9)
  3 howler monkeys
  3 crimson imps
  4 centaur zombies
  3 orc priests
  A quasit (D:6)
  5 human zombies (D:9)
  5 hounds
  2 jellies
  A gnoll shaman (D:6)
  A bullfrog skeleton (D:6)
  A centaur skeleton (D:7)
  2 human skeletons (D:9)
  2 iguanas
  6 orc wizards
  7 worker ants
  2 big kobold zombies (Ossuary)
  7 mummies
  15 gnolls
  11 adders
  2 shadow imps
  An adder zombie (D:5)
  2 worms (D:2)
  2 dart slugs (D:2)
  7 leopard geckos
  22 orcs
  5 bats
  4 giant cockroaches
  6 goblins
  7 hobgoblins
  11 jackals
  5 quokkas
  A frilled lizard (D:3)
  4 kobolds
  3 leopard gecko skeletons
  An orc zombie (D:9)
  2 quokka zombies (D:8)
  7 rats
228 creatures vanquished.

Vanquished Creatures (others)
  3 two-headed ogres
  A swamp drake (D:9)
  An orc wizard (D:11)
5 creatures vanquished.

Grand Total: 233 creatures vanquished

Notes
Turn   | Place    | Note
-------+----------+-------------------------------------------
     0 | Abyss:1  | Gorglomux the Minotaur Abyssal Knight began the quest for the Orb.
     0 | Abyss:1  | Reached XP level 1. HP: 19/19 MP: 1/1
    91 | Abyss:2  | Found a corrupted altar of Lugonu.
   108 | Abyss:2  | Noticed a sun demon
   110 | D:1      | Escaped the Abyss
   575 | D:1      | Reached XP level 2. HP: 27/27 MP: 2/2
  1025 | D:2      | Found an iron altar of Okawaru.
  1025 | D:2      | Found an ornate altar of the Wu Jian Council.
  1053 | D:2      | Found a deep blue altar of Sif Muna.
  1053 | D:2      | Found a burning altar of Makhleb.
  1217 | D:2      | Reached * piety under Lugonu
  1233 | D:2      | Reached skill level 3 in Axes
  1233 | D:2      | Reached skill level 3 in Armour
  1316 | D:2      | Reached XP level 3. HP: 29/33 MP: 3/3
  1485 | D:2      | Found a bloodstained altar of Trog.
  1679 | D:3      | Found a bloodstained altar of Trog.
  1882 | D:2      | Reached XP level 4. HP: 30/41 MP: 4/4
  2005 | D:3      | Found a stormy altar of Qazlal.
  2180 | D:3      | Reached ** piety under Lugonu
  2759 | D:4      | Reached XP level 5. HP: 48/48 MP: 5/5
  2783 | D:4      | Noticed an ogre
  3383 | D:4      | Found a staircase to the Ecumenical Temple.
  3446 | D:4      | Killed an ogre
  3446 | D:4      | Reached XP level 6. HP: 38/56 MP: 6/6
  3706 | D:5      | Entered Level 5 of the Dungeon
  3781 | D:5      | Noticed a sky beast
  3800 | D:5      | Killed a sky beast
  3825 | D:5      | Reached skill level 6 in Fighting
  3868 | D:5      | Noticed a water moccasin
  3885 | D:5      | Killed a water moccasin
  3885 | D:5      | Reached XP level 7. HP: 52/64 MP: 7/7
  4436 | D:5      | Found a glowing golden altar of the Shining One.
  4693 | D:5      | Reached skill level 6 in Axes
  4693 | D:5      | Reached skill level 6 in Armour
  5188 | D:6      | Reached XP level 8. HP: 70/73 MP: 8/8
  5200 | D:6      | Reached *** piety under Lugonu
  5789 | D:7      | Noticed Joseph
  5818 | D:7      | Killed Joseph
  5818 | D:7      | Reached skill level 9 in Fighting
  5818 | D:7      | Reached XP level 9. HP: 21/83 MP: 9/9
  6374 | D:7      | Noticed Prince Ribbit
  6386 | D:7      | Killed Prince Ribbit
  6386 | D:7      | Reached skill level 9 in Axes
  6386 | D:7      | Reached skill level 9 in Armour
  6398 | D:7      | Found a hazy altar of Hepliaklqana.
  6853 | D:7      | Found a runed door.
  7149 | D:8      | Found a staircase to the Lair.
  7169 | D:8      | Reached skill level 3 in Invocations
  7197 | D:8      | Found a sand-covered staircase.
  7207 | Ossuary  | Entered an ossuary
  7243 | Ossuary  | Reached **** piety under Lugonu
  7737 | D:8      | Reached skill level 6 in Invocations
  7737 | D:8      | Reached XP level 10. HP: 36/93 MP: 13/13
  8069 | D:8      | Noticed a two-headed ogre
  8074 | D:8      | Banished a two-headed ogre
  8470 | D:8      | Found a shattered altar of Ashenzari.
  8485 | D:8      | Found a basalt altar of Yredelemnul.
  8693 | D:9      | Noticed a two-headed ogre
  8710 | D:9      | Banished a two-headed ogre
  8918 | D:9      | Found a staircase to the Orcish Mines.
  9160 | D:9      | Found an ancient bone altar of Kikubaaqudgha.
  9428 | D:10     | Entered Level 10 of the Dungeon
  9957 | D:10     | Found an opulent altar of Gozag.
 10232 | D:11     | Noticed a two-headed ogre
 10236 | D:11     | Noticed a wizard
 10243 | D:11     | Banished a two-headed ogre
 10243 | D:11     | Reached XP level 11. HP: 22/102 MP: 13/15
 10919 | Lair:1   | Entered Level 1 of the Lair of Beasts
 11310 | Lair:1   | Found a dark tunnel.
 11512 | Volcano  | Entered a volcano
 11582 | Volcano  | Slain by a gargoyle

Vault maps used:
D:1:      shiori_arrival_elements
D:2:      lemuel_doored_altar, grunt_temple_overflow_open
D:3:      wad_woods_pond, nicolae_qazlal_general_emergency, serial_bayou_pond_e,
          trog_three_pillars_becter
D:4:      minmay_temple_entry_from_below_a
D:5:      nicolae_tso_swordbearing_angel, first_ration
D:7:      kennysheep_mini_moat, the_bakery, uniq_joseph,
          uniq_crazy_yiuf_cottage, uniq_prince_ribbit1
D:8:      nicolae_overflow_hidden_temple, kennysheep_mini,
          minmay_lair_entry_grove, enter_ossuary_4
D:9:      lemuel_mausoleum_altar_kikubaaqudgha, erik_orc_1
D:10:     nicolae_gozag_seed_capital
D:11:     minmay_the_grid_square_5x5_4x4_mashed
Lair:1:   enter_volcano_4, serial_bayou_shore_a
Ossuary:  ossuary_the_hunt_dpeg
Volcano:  volcano_tomb

Skill      XL: |  1  2  3  4  5  6  7  8  9 10 11 |
---------------+----------------------------------+-----
Fighting       | 4 5 6 7 9 11 | 11.3
Axes           | 3 4 5 6 8 9 11 | 11.0
Armour         | 3 4 5 6 8 9 11 | 11.0
Invocations    | 6 7 |  7.9
Dodging        | |  1.2

Action                   |  1- 3 |  4- 6 |  7- 9 | 10-12 || total
-------------------------+-------+-------+-------+-------++-------
Melee: Hand axe          |   122 |   140 |   460 |    21 ||   743
       Headbutt          |    12 |    24 |    82 |    50 ||   168
       War axe           |       |       |       |   300 ||   300
Invok: Depart the Abyss  |     1 |       |       |       ||     1
       Bend Space        |       |       |     1 |     1 ||     2
       Banish            |       |       |       |     6 ||     6
  Use: Potion            |       |       |     6 |       ||     6
       Scroll            |       |       |       |    11 ||    11
  Eat: Chunk             |     3 |     7 |    10 |    12 ||    32
       Ration            |       |       |     1 |     2 ||     3
Armor: Plate armour      |   108 |    95 |   315 |   188 ||   706
       Leather armour    |     5 |       |       |       ||     5
Dodge: Dodged            |    51 |    49 |   110 |    94 ||   304

Table legend:
 A = Spawn XP
 B = Non-spawn XP
 C = Spawn XP percentage of total XP
 D = Spawn monster count
 E = Non-spawn monster count
 F = Spawn count percentage of total count
 G = Total turns spent on level
                    A         B        C        D         E        F      G
               +---------+---------+-------+---------+---------+-------+---------
         Total |       0 |   12666 |   0.0 |       0 |     233 |   0.0 | 11582
               +---------+---------+-------+---------+---------+-------+---------
           D:1 |       0 |      15 |   0.0 |       0 |       8 |   0.0 |   915
           D:2 |       0 |      81 |   0.0 |       0 |      21 |   0.0 |   750
           D:3 |       0 |      99 |   0.0 |       0 |      22 |   0.0 |   932
           D:4 |       0 |     225 |   0.0 |       0 |      11 |   0.0 |  1166
           D:5 |       0 |     643 |   0.0 |       0 |      14 |   0.0 |  1091
           D:6 |       0 |    1359 |   0.0 |       0 |      38 |   0.0 |   811
           D:7 |       0 |    1507 |   0.0 |       0 |      14 |   0.0 |  1255
           D:8 |       0 |    2690 |   0.0 |       0 |      24 |   0.0 |  1128
           D:9 |       0 |    2568 |   0.0 |       0 |      43 |   0.0 |   868
          D:10 |       0 |    1150 |   0.0 |       0 |      15 |   0.0 |  1393
          D:11 |       0 |    1165 |   0.0 |       0 |       8 |   0.0 |    32
        Lair:1 |       0 |     561 |   0.0 |       0 |       2 |   0.0 |   593
       Ossuary |       0 |     246 |   0.0 |       0 |      10 |   0.0 |   468
       Volcano |       0 |     357 |   0.0 |       0 |       3 |   0.0 |    70
               +---------+---------+-------+---------+---------+-------+---------
